 Dungeon Crawl Stone Soup version 0.21-a0-122-g43b3ea6 (webtiles) character file.

395 grindst0ne the Chopper (level 7, -2/49 HPs)
             Began as a Halfling Skald on July 13, 2017.
             Was an Initiate of Okawaru.
             Slain by Grinder (6 damage)
             ... on level 3 of the Dungeon.
             The game lasted 00:09:28 (4446 turns).

grindst0ne the Chopper (Halfling Skald)             Turns: 4446, Time: 00:09:29

Health: -2/49      AC:  9    Str: 14    XL:     7   Next: 9%
Magic:  6/9        EV: 12    Int: 11    God:    Okawaru [......]
Gold:   196        SH:  0    Dex: 14    Spells: 8/9 levels left

rFire    . . .     SeeInvis .   a - +0 hand axe
rCold    . . .     Gourm    .   (shield restricted)
rNeg     . . .     Faith    .   q - +0 scale mail
rPois    .         Spirit   .   i - +0 helmet
rElec    .         Reflect  .   (no cloak)
rCorr    .         Harm     .   g - +1 pair of gloves
MR       .....                  (no boots)
Stlth    ..........             (no amulet)
HPRegen  0.16/turn              (no ring)
MPRegen  0.11/turn              (no ring)

@: infused
A: mutation resistance 1
a: Renounce Religion


You were on level 3 of the Dungeon.
You worshipped Okawaru.
Okawaru was noncommittal.
You were very hungry.

You visited 1 branch of the dungeon, and saw 3 of its levels.

You collected 196 gold pieces.

Inventory:

Hand Weapons
 a - a +0 hand axe (weapon)
Missiles
 p - 2 poisoned javelins
Armour
 b - a +0 leather armour
 g - a +1 pair of gloves (worn)
 i - a +0 helmet (worn)
 q - a +0 scale mail (worn)
Jewellery
 e - a +5 ring of intelligence {unknown}
Scrolls
 h - a scroll of fog
 j - a scroll of teleportation
 u - a scroll of enchant armour {unknown}
Books
 c - a book of Battle

   Spells                             Type                      Level
   a - Infusion                       Charms                       1
   b - Shroud of Golubria             Charms/Translocation         2
   c - Song of Slaying                Charms                       2
   d - Spectral Weapon                Hexes/Charms                 3
   e - Regeneration                   Charms/Necromancy            3
Comestibles
 f - 5 fruits
 t - 3 royal jellies


   Skills:
 + Level 4.5 Fighting
 + Level 5.2 Axes
 - Level 1.1 Armour
 - Level 2.1 Dodging
 - Level 1.5 Spellcasting
 - Level 3.2 Charms


You had 8 spell levels left.
You knew the following spells:

 Your Spells              Type           Power        Failure   Level  Hunger
a - Infusion              Chrm           #...         34%         1    ##.....


Dungeon Overview and Level Annotations

Branches:
Dungeon (3/15)

Altars:
Elyvilon
Okawaru
Ru

Annotations:
D:1 exclusion: downstairs
D:3 Grinder


Innate Abilities, Weirdness & Mutations

You are small and have problems with some larger weapons.
You are somewhat resistant to further mutation.


Message History

Grinder is moderately wounded.
Grinder hits you.
You writhe in agony.
You closely miss Grinder.
Grinder is moderately wounded.
Grinder gestures at you. Pain shoots through your body!
You slash Grinder!
Grinder is heavily wounded.
Grinder hits you but does no damage.
You hit Grinder.
Grinder is severely wounded.
Grinder gestures at you. Pain shoots through your body!
* * * LOW HITPOINT WARNING * * *
You hit Grinder but do no damage.
Grinder is severely wounded.
Grinder hits you.
* * * LOW HITPOINT WARNING * * *
You writhe in agony.
You die...

.#..###..## #..##.#.#.##.#...##
..........#####..# .#.#.##.#...##
.................# ......#(#...##
..[......###.##..###..#..#.#...##
........................ .......
..................###.#. ##..#.
.#.####..###.###........ ..
.#.####..###............ ..
................@.####.. #.#
)######..##.....5....... #.#
..(..................... #..
+######.###....$.#.....> #.. ....
................ #.. ....
#.......#...... #.. ....
.$............. .. #.. ##.#
#........ ##... #.##.# # #.##.#


You could see Grinder.

Vanquished Creatures
  The ghost of grindst0ne the Charmwright, an amateur HaSk (D:3)
  3 orc wizards
  Jessica (D:3)
  Terence (D:1)
  4 gnolls
  3 adders
  2 oozes (D:1)
  5 worms
  4 dart slugs
  7 orcs
  6 bats
  2 giant cockroaches
  7 goblins
  14 hobgoblins
  10 jackals
  A quokka (D:2)
  2 ball pythons
  2 frilled lizards (D:2)
  A jackal skeleton (D:3)
  6 kobolds
  6 rats
88 creatures vanquished.

Vanquished Creatures (others)
  A leopard gecko (D:2)
  A jackal (D:2)
  A quokka (D:2)
  A frilled lizard (D:2)
4 creatures vanquished.

Grand Total: 92 creatures vanquished

Notes
Turn   | Place    | Note
-------+----------+-------------------------------------------
     0 | D:1      | grindst0ne the Halfling Skald began the quest for the Orb.
     0 | D:1      | Reached XP level 1. HP: 14/14 MP: 3/3
   137 | D:1      | Reached XP level 2. HP: 19/19 MP: 4/4
   243 | D:1      | Reached XP level 3. HP: 14/25 MP: 2/5
   650 | D:2      | Noticed Terence
   691 | D:1      | Killed Terence
   691 | D:1      | Reached skill level 3 in Axes
   691 | D:1      | Reached XP level 4. HP: 5/30 MP: 3/6
  1771 | D:2      | Reached XP level 5. HP: 36/36 MP: 0/7
  1809 | D:2      | Found an iron altar of Okawaru.
  1822 | D:2      | Became a worshipper of Warmaster Okawaru
  2068 | D:2      | Found a white marble altar of Elyvilon.
  2235 | D:2      | Reached skill level 4 in Axes
  2521 | D:3      | Noticed grindst0ne's ghost (amateur HaSk)
  2557 | D:2      | Reached XP level 6. HP: 10/43 MP: 2/8
  3354 | D:3      | Killed grindst0ne's ghost
  3618 | D:3      | Noticed Grinder
  3620 | D:3      | Paralysed by Grinder for 4 turns
  3627 | D:3      | Noticed Jessica
  3627 | D:3      | Noticed an ogre
  3678 | D:3      | Found a sacrificial altar of Ru.
  3704 | D:3      | Reached skill level 5 in Axes
  3884 | D:3      | Killed Jessica
  3884 | D:3      | Reached XP level 7. HP: 32/49 MP: 5/9
  4446 | D:3      | Slain by Grinder

Vault maps used:
D:1:      zelgadis_glass_arrival_small
D:2:      kennysheep_okawaru_gauntlet, elyvilon_altar_4, uniq_terence
D:3:      nicolae_ru_great_annihilating_truth, st_stairs_8,
          columned_hall_lemuel, uniq_grinder, uniq_jessica

Skill      XL: |  1  2  3  4  5  6 |
---------------+-------------------+-----
Fighting       | 2 3 4 |  4.5
Axes           | 3 4 5 |  5.2
Armour         | |  1.1
Dodging        | |  2.1
Spellcasting   | |  1.5
Charms         | |  3.2

Action                   |  1- 3 |  4- 6 |  7- 9 || total
-------------------------+-------+-------+-------++-------
Melee: Hand axe          |    87 |   324 |    28 ||   439
 Cast: Infusion          |     2 |    14 |     2 ||    18
  Use: Potion            |       |    10 |       ||    10
       Scroll            |       |     6 |       ||     6
 Stab: Paralysed         |       |     1 |       ||     1
  Eat: Chunk             |       |     6 |     1 ||     7
       Bread ration      |       |     1 |       ||     1
Armor: Leather armour    |    36 |     1 |       ||    37
       Scale mail        |       |   134 |    15 ||   149
       Skin              |       |    19 |       ||    19
Dodge: Dodged            |   109 |   204 |    15 ||   328
